 Dungeon Crawl Stone Soup version 0.16.0-17-g811c1d7 (webtiles) character file.

176 maniek23 the Sneak (level 5, -4/37 HPs)
             Began as a Vampire Enchanter on Mar 20, 2015.
             Slain by a gnoll
             ... wielding a +0 halberd
              (7 damage)
             ... on level 4 of the Dungeon.
             The game lasted 00:10:02 (2840 turns).

maniek23 the Sneak (Vampire Enchanter)              Turns: 2840, Time: 00:10:02

Health: -4/37      AC:  4    Str:  8    XL:     5   Next: 30%
Magic:  3/9        EV: 13    Int: 17    God:
Gold:   120        SH:  0    Dex: 14    Spells: 2 memorised, 5 levels left

rFire  . . .     SeeInvis +     a - +1 dagger
rCold  . . .     Clarity  .     b - +1 robe
rNeg   + . .     SustAb   .     (no shield)
rPois  .         Gourm    .     m - +0 helmet
rElec  .         Spirit   .     (no cloak)
rCorr  .         Warding  .     (no gloves)
rMut   .         Stasis   .     (no boots)
MR     .....                    (no amulet)
Stlth  +++.......               (no ring)
                                (no ring)

@: not resistant to hostile enchantments, fairly stealthy
A: bottle blood, fangs 3, see invisible, unbreathing
a: Bat Form


You were on level 4 of the Dungeon.
You were not thirsty.

You visited 1 branch of the dungeon, and saw 4 of its levels.

You collected 120 gold pieces.

Inventory:

Hand weapons
 a - a +1 dagger (weapon)
Armour
 b - a +1 robe (worn)
 g - a +0 plate armour
 m - a +0 helmet (worn)
Scrolls
 e - 2 scrolls of enchant weapon {unknown}
 h - 6 scrolls of identify {unknown}
 i - a scroll of random uselessness {unknown}
 j - 2 scrolls of remove curse {unknown}
 l - 2 scrolls of fog {unknown}
 p - 2 scrolls of enchant armour {unknown}
 s - a scroll of magic mapping {unknown}
 t - 3 scrolls of teleportation {unknown}
 w - a scroll of amnesia {unknown}
Potions
 d - 14 potions of blood
 f - a potion of lignification {unknown}
 k - a potion of restore abilities {unknown}
 n - a potion of curing {unknown}
 o - a potion of invisibility {unknown}
 q - a potion of heal wounds {unknown}
 r - a potion of poison {unknown}
 u - a potion of degeneration {unknown}
 v - a potion of brilliance {unknown}
 x - 2 potions of haste {unknown}
Books
 c - a book of Maledictions

   Spells                             Type                      Level
   a - Corona                         Hexes                        1
   b - Sure Blade                     Hexes/Charms                 2
   c - Ensorcelled Hibernation        Hexes/Ice                    2
   d - Confuse                        Hexes                        3
   e - Dazzling Spray                 Conjuration/Hexes            3
   f - Enslavement                    Hexes                        4


   Skills:
 + Level 1.1 Fighting
 + Level 2.1 Short Blades
 + Level 0.4 Armour
 + Level 3.4 Dodging
 + Level 5.9 Stealth
 + Level 2.7 Spellcasting
 + Level 5.1 Hexes


You had 5 spell levels left.
You knew the following spells:

 Your Spells              Type           Power        Failure   Level  Hunger
a - Corona                Hex            ###....      2%          1    #......
b - Confuse               Hex            ###.....     10%         3    ###....


Dungeon Overview and Level Annotations

Branches:
Dungeon (4/15)
 Temple: D:4-7

Altars:

Annotations:
D:4 Sigmund


Innate Abilities, Weirdness & Mutations

You can bottle blood from corpses.
You have razor-sharp teeth.
You have supernaturally acute eyesight.
You can survive without breathing.


Message History

The gnoll resists with significant effort.
The gnoll hits you from afar with a halberd.
Sigmund zaps a wand.
The puff of flame misses you.
Sigmund zaps a wand.
The puff of flame hits you!
Casting: Confuse
Confirm with . or Enter, or press ? or * to list all spells.
Aiming: Confuse
Press: ? - help, Shift-Dir - straight line, p - gnoll
Okay, then.
Sigmund zaps a wand.
The puff of flame hits you!
* * * LOW HITPOINT WARNING * * *
The orc shouts!
The orc hits you with a whip.
* * * LOW HITPOINT WARNING * * *
Sigmund misses you.
You see here a scroll labeled NOEDOY PSAHUTH.
You hit Sigmund.
Sigmund is moderately wounded.
The gnoll hits you from afar with a halberd!
You die...

#......# #......# #......# ##
#######......#####.# ...
#########.....oo..†...<....#
...##.........#####g.....#######
......######### ##......#
...#.## #######.......# ## #g##
#..g.@@.......# ###..##
#..###o###....#
##.....######†#.....#..#.%.#
#......#...##.#.>...#..#.###
#......#...##.........##.#
.........§..#.#.....#.#
............o.#...$.#..o
......#####.#.###.###..# ..##..#
#.#.......


You could see Sigmund, a gnoll and an orc.

Vanquished Creatures
  A centaur skeleton (D:4)
  Ijyb (D:3)
  4 adders
  A worm (D:2)
  4 giant geckos
  3 oozes
  2 orcs (D:3)
  9 bats
  5 giant cockroaches
  5 goblins
  11 hobgoblins
  12 jackals (D:1)
  5 kobolds
  6 giant newts
  10 rats
79 creatures vanquished.

Vanquished Creatures (others)
  An orc (D:3)
1 creature vanquished.

Grand Total: 80 creatures vanquished

Notes
Turn   | Place    | Note
--------------------------------------------------------------
     0 | D:1      | maniek23, the Vampire Enchanter, began the quest for the Orb.
     0 | D:1      | Reached XP level 1. HP: 13/13 MP: 3/3
   224 | D:1      | Reached XP level 2. HP: 1/19 MP: 2/4
   694 | D:1      | Reached skill level 5 in Stealth
   728 | D:1      | Reached XP level 3. HP: 24/24 MP: 6/6
  1064 | D:1      | Learned a level 3 spell: Confuse
  1399 | D:2      | Reached skill level 5 in Hexes
  1517 | D:2      | Reached XP level 4. HP: 26/31 MP: 8/8
  1857 | D:3      | Noticed Ijyb
  1859 | D:3      | Killed Ijyb
  2585 | D:3      | Reached XP level 5. HP: 36/36 MP: 9/9
  2735 | D:4      | Reached skill level 1 in Fighting
  2833 | D:4      | Noticed Sigmund
  2840 | D:4      | Slain by a gnoll

Action                   |  1- 3 |  4- 6 || total
-------------------------+-------+-------++-------
Melee: Dagger            |   186 |    93 ||   279
 Cast: Corona            |     6 |       ||     6
       Confuse           |       |     8 ||     8
 Stab: Sleeping          |     3 |     8 ||    11
  Eat: Corpse            |    10 |     1 ||    11
